 Dungeon Crawl Stone Soup version 0.27.1-33-g824d729ab1 (webtiles) character file.

Game seed: 3933405290540594917

73 zeram the Magician (level 4, -1/21 HPs)
             Began as a Spriggan Summoner on Dec 14, 2021.
             Splashed by a jelly's acid (7 damage)
             ... on level 6 of the Dungeon.
             The game lasted 00:13:26 (3529 turns).

zeram the Magician (Spriggan Summoner)              Turns: 3529, Time: 00:13:27

Health: -1/21      AC: -2    Str:  4    XL:     4   Next: 8%
Magic:  11/11      EV: 17    Int: 17    God:
Gold:   896        SH:  0    Dex: 15    Spells: 5/11 levels left

rFire    . . .     SeeInvis +   b - +0 dagger
rCold    . . .     Faith    .   (shield restricted)
rNeg     . . .     Spirit   .   a - +0 robe
rPois    .         Reflect  .   (helmet restricted)
rElec    .         Harm     .   (no cloak)
rCorr    .         Rampage  .   (gloves unavailable)
Will     .....                  (boots unavailable)
Stlth    ++........             (no amulet)
HPRegen  0.07/turn              (no ring)
MPRegen  0.12/turn              (no ring)

@: lethally poisoned (-1 -> -8), corroded, very quick
A: very small, no large weapons, unfitting armour, see invisible, speed 3
a: no special abilities


You were on level 6 of the Dungeon.
You visited 1 branch of the dungeon, and saw 4 of its levels.

You collected 896 gold pieces.

Inventory:

Hand Weapons
 b - a +0 dagger (weapon)
Armour
 a - a +0 robe (worn)
Scrolls
 g - a scroll of noise {unknown}
Potions
 c - a potion of attraction {unknown}
 d - a potion of lignification
 f - a potion of haste {unknown}
 h - 2 potions of heal wounds {unknown}


   Skills:
 + Level 3.1 Dodging
 - Level 3.0 Stealth
 + Level 4.1 Spellcasting
 + Level 4.0 Summonings


You had 5 spell levels left.
You knew the following spells:

 Your Spells              Type           Power      Damage    Failure   Level
a - Summon Small Mammal   Summ           68%        N/A       3%          1
b - Call Imp              Summ           17%        N/A       4%          2
c - Call Canine Familiar  Summ           17%        N/A       9%          3

Your spell library contained the following spells:

 Spells                   Type           Power      Damage    Failure   Level
 Apportation              Tloc           6%         N/A       16%         1
 Summon Guardian Golem    Hex/Summ       10%        N/A       21%         3
 Ensorcelled Hibernation  Hex/Ice        6%         N/A       24%         2
 Spider Form              Tmut/Pois      1%         N/A       43%         3
 Summon Lightning Spire   Summ/Air       10%        N/A       56%         4
 Alistair's Intoxication  Tmut/Pois      2%         N/A       99%         5
 Shadow Creatures         Summ           N/A        N/A       99%         6
 Invisibility             Hex            1%         N/A       100%        6


Dungeon Overview and Level Annotations

Branches:
Dungeon (3/15)

Altars:

Shops:
D:3 *


Innate Abilities, Weirdness & Mutations

You are very small and have problems with some larger weapons.
You are too small for most types of armour.
You have supernaturally acute eyesight. (SInv)
You cover ground extremely quickly. (Speed+++)


Message History

The hobgoblin hits you.
You hit the hobgoblin but do no damage.
The hobgoblin is heavily wounded.
The hobgoblin barely misses you.
You hit the hobgoblin.
The hobgoblin is severely wounded.
The hobgoblin closely misses you.
You hit the hobgoblin but do no damage.
The hobgoblin is severely wounded.
The hobgoblin completely misses you.
You hit the hobgoblin.
You kill the hobgoblin!
You see here a hobgoblin corpse.
You fall into a shaft and drop 3 floors!
The shaft crumbles and collapses.
A jelly, a scorpion and 3 wights come into view.
A wight is wielding a +3 great sword of freezing.
Found a viscous puce potion and a scroll labelled GUATIQ ZICW.
Found a stone staircase leading down.
The helpless scorpion fails to defend itself.
You hit the scorpion.
The scorpion is moderately wounded.
The scorpion stings you.
As you read the scroll labelled ZIH DEAFAFAL, it crumbles to dust.
It is a scroll of enchant weapon.
Really abort (and waste the scroll)? [Y]es or [N]o only, please.
Really abort (and waste the scroll)?
Okay, then.
The scorpion stings you.
You are poisoned.
The scorpion poisons you!
A gnoll comes into view. It is wielding a +0 whip.
You feel sick. The scorpion barely misses you.
You feel sick. The jelly misses you.
You hit the jelly but do no damage. The acid corrodes you!
Your hands burn!
You feel sick. The jelly hits you.
* * * LOW HITPOINT WARNING * * *
You are splashed with acid!
You die...

###########
#.........#
#......?..#
#.........#
#....!....#
#.sz.zz..>#
#.@.......#
#...J........#
#......#######
#......#
........#
..#.###### #
#g #


You could see a scorpion, a jelly, 3 wights and a gnoll (asleep).

Vanquished Creatures
  An adder (D:2)
  3 bats
  3 endoplasms (D:1)
  A giant cockroach (D:2)
  3 goblins
  A hobgoblin (D:3)
  2 ball pythons
  4 frilled lizards
  A kobold (D:2)
  6 rats
25 creatures vanquished.

Vanquished Creatures (collateral kills)
  4 adders
  2 dart slugs
  An orc (D:3)
  2 ball pythons
  5 endoplasms
  2 hobgoblins (D:1)
  6 quokkas
  A bat (D:2)
  6 goblins
  3 kobolds
32 creatures vanquished.

Vanquished Creatures (others)
  3 fungi (D:1)
  3 plants (D:1)
  A withered plant (D:1)
7 creatures vanquished.

Grand Total: 64 creatures vanquished

Notes
Turn   | Place    | Note
-------+----------+-------------------------------------------
     0 | D:1      | zeram the Spriggan Summoner began the quest for the Orb.
     0 | D:1      | Reached XP level 1. HP: 9/9 MP: 5/5
   594 | D:1      | Found a faded altar of an unknown god.
   825 | D:1      | Reached XP level 2. HP: 13/13 MP: 2/6
  1011 | D:1      | Learned a level 2 spell: Call Imp
  1509 | D:1      | Reached XP level 3. HP: 9/16 MP: 2/8
  1783 | D:1      | Learned a level 3 spell: Call Canine Familiar
  2092 | D:2      | Identified a scroll of acquirement
  2092 | D:2      | Acquired 807 gold pieces
  2784 | D:3      | Found Usatine's Assorted Antiques.
  3052 | D:3      | Reached XP level 4. HP: 21/21 MP: 8/11
  3524 | D:3      | You fall into a shaft and drop 3 floors!
  3524 | D:6      | Noticed a scorpion
  3529 | D:6      | Splashed by a jelly's acid

Illustrated notes

Levels and vault maps discovered:
D:1:      roderic_dead_forest, layout_basic, shapermc_ecumenical_altar_gd
D:2:      layout_basic, fountainhead, minmay_tromino_v7
D:3:      layout_loops_ring, serial_shops, shop, grunt_decor_resistance
D:6:      layout_basic, lightli_temple_of_fire

Skill      XL: |  1  2  3 |
---------------+----------+-----
Spellcasting   | 3 4 |  4.1
Dodging        | 3 |  3.1
Summonings     | 4 |  4.0
Stealth        | |  3.0

Action                   |  1- 3 |  4- 6 || total
-------------------------+-------+-------++-------
Melee: Dagger            |    75 |    18 ||    93
       Unarmed           |     5 |       ||     5
 Cast: Summon Small Mamm |    48 |       ||    48
       Call Imp          |    28 |     3 ||    31
  Use: Scroll            |     6 |     1 ||     7
 Stab: Sleeping          |    11 |     2 ||    13
Armor: Robe              |    12 |     1 ||    13
Dodge: Dodged            |    80 |    15 ||    95
